 Dungeon Crawl Stone Soup version 0.22-a0-181-gb22368a (webtiles) character file.

17 Amnesiac the Magician (level 2, 0/19 HPs)
             Began as a Mummy Earth Elementalist on Feb 14, 2018.
             Slain by Robin
             ... wielding a +0 falchion
              (3 damage)
             ... on level 2 of the Dungeon.
             The game lasted 00:01:58 (555 turns).

Amnesiac the Magician (Mummy Earth Elementalist)     Turns: 555, Time: 00:01:59

Health: 0/19       AC:  2    Str: 11    XL:     2   Next: 44%
Magic:  4/6        EV: 12    Int: 14    God:
Gold:   36         SH:  0    Dex: 12    Spells: 6/7 levels left

rFire    x . .     SeeInvis .   (no weapon)
rCold    + . .     Gourm    .   (no shield)
rNeg     + + +     Faith    .   c - +0 robe
rPois    ∞         Spirit   .   (no helmet)
rElec    .         Reflect  .   (no cloak)
rCorr    .         Harm     .   (no gloves)
MR       .....                  (no boots)
Stlth    ++........             (no amulet)
HPRegen  0.06/turn              (no ring)
MPRegen  0.10/turn              (no ring)

@: very slightly contaminated
A: no food or potions, fire vulnerability, cold resistance 1, negative energy
resistance 3, torment resistance, unbreathing
a: no special abilities


You were on level 2 of the Dungeon.
You were not hungry.

You visited 1 branch of the dungeon, and saw 4 of its levels.

You collected 36 gold pieces.

Inventory:

Missiles
 a - 21 poisoned needles
 b - 18 stones (quivered)
Armour
 c - a +0 robe (worn)
Scrolls
 e - a scroll of enchant armour {!r, unknown}
 f - a scroll of amnesia {!r, unknown}
Books
 d - a book of Geomancy

   Spells                             Type                      Level
   a - Sandblast                      Earth                        1
   b - Passwall                       Transmutation/Earth          2
   c - Stone Arrow                    Conjuration/Earth            3
   d - Petrify                        Transmutation/Earth          4
   e - Lee's Rapid Deconstruction     Earth                        5


   Skills:
 - Level 1.5 Dodging
 + Level 1.8 Stealth
 + Level 3.0 Spellcasting
   Level 0.7 Transmutations
 * Level 2.9 Earth Magic


You had 6 spell levels left.
You knew the following spells:

 Your Spells              Type           Power        Failure   Level  Hunger
a - Sandblast             Erth           ##....       6%          1    N/A

Dungeon Overview and Level Annotations

Branches:
Dungeon (4/15)
 Temple: D:4-7

Altars:

Annotations:
D:2 Robin


Innate Abilities, Weirdness & Mutations

You do not eat or drink.
Your flesh is vulnerable to fire.
You are immune to poison.
Your flesh is cold resistant. (rC+)
You are immune to negative energy. (rN+++)
You are immune to unholy pain and torment.
You can survive without breathing.


Message History

There is a stone staircase leading down here.
Casting: Sandblast (safe; 6% risk of failure)
Confirm with . or Enter, or press ? or * to list all spells.
Aiming: Sandblast (safe; 6% risk of failure)
Press: ? - help, Shift-Dir - straight line, f - goblin
Aim: a goblin, wielding a dagger The blast of sand misses the goblin.
b - 20 stones The goblin hits you with a dagger.
Casting: Sandblast (safe; 6% risk of failure)
Confirm with . or Enter, or press ? or * to list all spells.
Aiming: Sandblast (safe; 6% risk of failure)
Press: ? - help, Shift-Dir - straight line, f/p - goblin
Aim: a goblin, wielding a dagger The blast of sand hits the goblin.
You kill the goblin!
b - 19 stones
Things that are here:
a dagger; a goblin corpse
There is a stone staircase leading down here.
You start resting.
Magic restored.
You start resting.
Magic restored.
You climb downwards.
Level annotation: Robin Robin roars a battlecry!
The goblin goes into a battle-frenzy!
The goblin shoots a stone.
The stone hits you. Robin hits you with a falchion!
* * * LOW HITPOINT WARNING * * *
There is a stone staircase leading up here.
You see here 3 stones.
The goblin shoots a stone.
The stone barely misses you.
You climb upwards.
There is a stone staircase leading down here.
You see here a club.
There is a stone staircase leading up here.
Unknown command.
Unknown command.
Unknown command.
Casting: Sandblast (safe; 6% risk of failure)
Confirm with . or Enter, or press ? or * to list all spells.
Aiming: Sandblast (safe; 6% risk of failure)
Press: ? - help, Shift-Dir - straight line, f - Robin
Aim: Robin, wielding a falchion, wearing an animal skin and wearing a helmet You miscast Sandblast.
You are very lightly contaminated with residual magic.
Nothing appears to happen.
Robin closely misses you.
Unknown command.
Casting: Sandblast (safe; 6% risk of failure)
Confirm with . or Enter, or press ? or * to list all spells.
Aiming: Sandblast (safe; 6% risk of failure)
Press: ? - help, Shift-Dir - straight line, f/p - Robin
Aim: Robin, wielding a falchion, wearing an animal skin and wearing a helmet The blast of sand hits Robin.
b - 18 stones Robin closely misses you.
Unknown command.
Robin hits you with a falchion.
* * * LOW HITPOINT WARNING * * *
You climb upwards.
There is a stone staircase leading down here.
Robin hits you with a falchion.
You die...

#.#######.#########
#..................
##.##.####.#########
...........#
#.###.....# #.#
#.....# #.# #.....#
#g###.....########
#>@...............
#.#####.÷...########
#.# #.....# #.#
#.....# #.# #.###.#
#.# #.# #.# #.# #.#
#.# #.# #.# #.#
##.#####.# #.#


You could see Robin.

Vanquished Creatures
  A ball python (D:2)
  9 goblins
  A hobgoblin (D:3)
  A bat (D:2)
  A frilled lizard (D:1)
  A kobold (D:3)
  2 rats
16 creatures vanquished.

Notes
Turn   | Place    | Note
-------+----------+-------------------------------------------
     0 | D:1      | Amnesiac the Mummy Earth Elementalist began the quest for the Orb.
     0 | D:1      | Reached XP level 1. HP: 13/13 MP: 4/4
   232 | D:4      | Reached XP level 2. HP: 19/19 MP: 0/5
   303 | D:4      | Noticed Robin
   496 | D:3      | Reached skill level 3 in Spellcasting
   555 | D:2      | Slain by Robin

Vault maps used:
D:1:      kennysheep_arrival_forest
D:2:      kennysheep_generic_room_7, uniq_natasha
D:3:      ashenzari_conservatory_becter, lemuel_doored_altar, first_ration,
          uniq_ijyb
D:4:      serial_shops, shop, serial_glass, glass_columns_c, glass_columns_a,
          glass_columns_a, glass_columns_b, glass_columns_a, glass_columns_a,
          glass_columns_a, glass_columns_a, hangedman_glass_teeth, uniq_pikel,
          uniq_robin, uniq_menkaure, uniq_grinder

Skill      XL: |  1  2 |
---------------+-------+-----
Spellcasting   | 3 |  3.0
Dodging        | |  1.5
Stealth        | |  1.8
Transmutations | |  0.7
Earth Magic    | |  2.9

Action                   || total
-------------------------++-------
Melee: Unarmed           ||     9
 Cast: Sandblast         ||    15
Armor: Robe              ||     6
Dodge: Dodged            ||    14

Table legend:
 A = Spawn XP
 B = Non-spawn XP
 C = Spawn XP percentage of total XP
 D = Spawn monster count
 E = Non-spawn monster count
 F = Spawn count percentage of total count
 G = Total turns spent on level
                    A         B        C        D         E        F      G
               +---------+---------+-------+---------+---------+-------+---------
         Total |       0 |      25 |   0.0 |       0 |      16 |   0.0 |   555
               +---------+---------+-------+---------+---------+-------+---------
           D:1 |       0 |       1 |   0.0 |       0 |       1 |   0.0 |    87
           D:2 |       0 |       4 |   0.0 |       0 |       3 |   0.0 |    72
           D:3 |       0 |       9 |   0.0 |       0 |       6 |   0.0 |   376
           D:4 |       0 |      11 |   0.0 |       0 |       6 |   0.0 |    20
               +---------+---------+-------+---------+---------+-------+---------
